 Dungeon Crawl Stone Soup version 0.28.0 (webtiles) character file.

Game seed: 14625378270209986582

216 isplatspriggans the Chiller (level 5, 0/24 HPs)
             Began as a Spriggan Ice Elementalist on Feb 10, 2022.
             Splashed by a jelly's acid (10 damage)
             ... on level 4 of the Dungeon.
             The game lasted 00:05:58 (4472 turns).

isplatspriggans the Chiller (SpIE)                  Turns: 4472, Time: 00:05:59

Health: 0/24       AC: -2    Str:  4    XL:     5   Next: 61%
Magic:  8/10       EV: 17    Int: 18    God:
Gold:   96         SH:  5    Dex: 16    Spells: 3/10 levels left

rFire   . . .      SeeInvis +   l - +2 mace (vorpal)
rCold   . . .      Faith    .   (no shield)
rNeg    . . .      Spirit   .   a - +0 robe
rPois   .          Reflect  +   (helmet restricted)
rElec   .          Harm     .   (no cloak)
rCorr   .          Rampage  .   (gloves unavailable)
Will    +....                   (boots unavailable)
Stlth   ++........              k - amulet of Xobeas {Reflect Will+ SH+5}
HPRegen 0.08/turn               (no ring)
MPRegen 0.12/turn               (no ring)

@: corroded, very quick
A: very small, no large weapons, unfitting armour, see invisible, speed 3
a: no special abilities


You were on level 4 of the Dungeon.
You visited 1 branch of the dungeon, and saw 4 of its levels.

You collected 96 gold pieces.


Innate Abilities, Weirdness & Mutations

You are very small and have problems with some larger weapons.
You are too small for most types of armour.
You have supernaturally acute eyesight. (SInv)
You cover ground extremely quickly. (Speed+++)


   Skills:
 - Level 3.0 Dodging
 - Level 3.0 Stealth
 - Level 3.0 Spellcasting
 + Level 5.6 Ice Magic


You had 3 spell levels left.
You knew the following spells:

 Your Spells              Type           Power      Damage    Failure   Level
o - Ozocubu's Armour      Ice            23%        N/A       4%          3
r - Frozen Ramparts       Ice            46%        1d6       4%          3
z - Freeze                Ice            92%        1d10      1%          1

Your spell library contained the following spells:

 Spells                   Type           Power      Damage    Failure   Level
 Static Discharge         Conj/Air       2%         N/A       24%         2
 Hailstorm                Conj/Ice       12%        3d5       45%         4
 Dispel Undead            Necr           2%         3d7       85%         4
 Sticky Flame             Conj/Fire      2%         2d3       85%         4

Inventory:

Hand Weapons
 l - a +2 vorpal mace (weapon)
Armour
 a - a +0 robe (worn)
Jewellery
 k - the amulet of Xobeas (around neck) {Reflect Will+ SH+5}
   (You found it on level 3 of the Dungeon)

   [amulet of reflection]

   It reflects blocked missile attacks.
   SH:        It affects your SH (+5).
   Will:      It increases your willpower.
Scrolls
 b - 3 scrolls of identify {unknown}
 f - a scroll of brand weapon {unknown}
 j - 2 scrolls of teleportation {unknown}
 n - a scroll of fog {unknown}
Potions
 c - 2 potions of mutation {unknown}
 d - 4 potions of curing {unknown}
 e - 3 potions of degeneration {unknown}
 g - a potion of berserk rage {unknown}
 h - a potion of flight {unknown}
 i - a potion of attraction {unknown}
 m - a potion of cancellation {unknown}

Dungeon Overview and Level Annotations

Branches:
Dungeon (4/15)
 Temple: D:4-7

Altars:

Annotations:
D:2 Sigmund
D:3 exclusion: door

....>.# .....## #.....#
#.....+ +.....#
....#.....# ....#....g#
#..##.....########
##..####'#.@J.....#
#...#....#........#
#...#....#........#
#...#....#........#
#...'....+........#
#...#....#........#
#..#######........#
##+##..###...###.....##
#..............#


You could see a jelly and a goblin.


Message History

You are frozen.
You freeze the endoplasm.
You kill the endoplasm!
You can't see any susceptible monsters within range! (Use Z to cast anyway.) Magic restored.
You open the door.
Found 17 gold pieces.
There is an open door here.
You become a hound!
You now have 96 gold pieces (gained 17).
You open the door.
There is an open door here.
As you open the door, it creaks loudly!
There is an open door here.
A jelly and a goblin come into view.
Found a stone staircase leading down.
There are monsters nearby!
You hit the jelly.
Your hands burn!
The jelly is heavily wounded.
The jelly closely misses you. The jelly hits you. The acid corrodes you!
You are splashed with acid!
You freeze the jelly.
The jelly is heavily wounded.
You block the jelly's attack.
You freeze the jelly.
The jelly is heavily wounded.
The jelly hits you.
* * * LOW HITPOINT WARNING * * *
You are splashed with acid!
You die...

Skill      XL: |  1  2  3  4 |
---------------+-------------+-----
Dodging        | 3 |  3.0
Spellcasting   | 3 |  3.0
Ice Magic      | 4 5 |  5.6
Stealth        | |  3.0

Action                   |  1- 3 |  4- 6 || total
-------------------------+-------+-------++-------
Melee: Unarmed           |    12 |     3 ||    15
       Punch             |     1 |     3 ||     4
       Mace              |       |    25 ||    25
 Cast: Freeze            |    71 |    18 ||    89
       Frozen Ramparts   |     3 |     1 ||     4
       Ozocubu's Armour  |       |     2 ||     2
 Stab: Sleeping          |     1 |     3 ||     4
       Distracted        |       |     1 ||     1
Armor: Robe              |    11 |     9 ||    20
Dodge: Dodged            |    56 |    23 ||    79
Block: Other             |       |     4 ||     4

Levels and vault maps discovered:
D:1:      wander_arrival_estate, layout_rooms, chequers_ecumenical_altar_twisty,
          serial_bayou_lagoon_a
D:2:      layout_basic, uniq_sigmund
D:3:      layout_basic, st_stairs_13
D:4:      layout_gridville, uniq_crazy_yiuf_cottage

Notes
Turn   | Place    | Note
-------+----------+-------------------------------------------
     0 | D:1      | isplatspriggans the Spriggan Ice Elementalist began the
                  | quest for the Orb.
     0 | D:1      | Reached XP level 1. HP: 9/9 MP: 5/5
   179 | D:1      | Found a faded altar of an unknown god.
   190 | D:1      | Reached XP level 2. HP: 13/13 MP: 3/6
   351 | D:1      | Reached skill level 3 in Dodging
   351 | D:1      | Reached skill level 3 in Spellcasting
  1328 | D:2      | Reached XP level 3. HP: 16/16 MP: 6/8
  1393 | D:2      | Learned a level 3 spell: Frozen Ramparts
  1397 | D:2      | Learned a level 3 spell: Ozocubu's Armour
  1562 | D:2      | Reached skill level 4 in Ice Magic
  1956 | D:2      | Noticed Sigmund
  3251 | D:3      | Noticed an ice beast
  3252 | D:3      | Reached XP level 4. HP: 21/21 MP: 6/9
  3540 | D:3      | Identified the amulet of Xobeas {Reflect Will+ SH+5}
  3610 | D:3      | Reached skill level 5 in Ice Magic
  4124 | D:4      | Noticed a necrophage
  4147 | D:4      | Killed a necrophage
  4148 | D:4      | Reached XP level 5. HP: 9/24 MP: 10/10
  4472 | D:4      | Splashed by a jelly's acid

Vanquished Creatures
  A necrophage (D:4)
  An orc priest (D:3)
  2 adders (D:3)
  A worm (D:2)
  A dart slug (D:1)
  10 orcs
  7 ball pythons
  7 endoplasms
  3 giant cockroaches
  4 goblins
  7 hobgoblins
  2 jackals (D:1)
  5 kobolds
  2 quokkas
  4 bats
  4 frilled lizards
  A rat (D:3)
62 creatures vanquished.

Table legend: (Time is in decaauts)
 A = Elapsed time spent in this place.
 B = Non-inter-level travel time spent in this place.
 C = Inter-level travel time spent in this place.
 D = Time resting spent in this place.
 E = Time spent auto-exploring this place.
 F = Levels seen in this place.
 G = Mean time per level.
                   A        B        C        D        E       F      G
               +--------+--------+--------+--------+--------+-----+--------+
         Total |   3718 |   3632 |     86 |    669 |   2472 |   4 |  929.5 |
       Dungeon |   3718 |   3632 |     86 |    669 |   2472 |   4 |  929.5 |
               +--------+--------+--------+--------+--------+-----+--------+

Top non-repeatable levels by time:
     D:2: 1260 daAuts
     D:1: 1133 daAuts
     D:3: 970 daAuts
     D:4: 353 daAuts

Table legend:
 A = Non-vault XP
 B = Vault XP
 C = Vault XP percentage of total XP
 D = Non-vault monster count
 E = Vault monster count
 F = Vault count percentage of total count
                 A         B        C        D         E       F
            +---------+---------+-------+---------+---------+-------
      Total |     296 |      13 |   4.2 |      61 |       1 |   1.6
            +---------+---------+-------+---------+---------+-------
        D:1 |      40 |       0 |   0.0 |      21 |       0 |   0.0
        D:2 |      30 |       0 |   0.0 |      13 |       0 |   0.0
        D:3 |      96 |      13 |  11.9 |      23 |       1 |   4.2
        D:4 |     130 |       0 |   0.0 |       4 |       0 |   0.0
            +---------+---------+-------+---------+---------+-------
